 Dungeon Crawl Stone Soup version 0.16-a0-2010-g98bc240 (webtiles) character file.

623 Kraw the Covert (level 7, 0/40 HPs)
             Began as a Kobold Assassin on Nov 9, 2014.
             Shot with an arrow by a centaur (8 damage)
             ... on level 5 of the Dungeon.
             The game lasted 00:22:16 (4883 turns).

Kraw the Covert (Kobold Assassin)                   Turns: 4883, Time: 00:22:16

Health: 0/40       AC:  6    Str:  9    XL:     7   Next: 75%
Magic:  7/7        EV: 14    Int:  9    God:
Gold:   192        SH:  0    Dex: 20    Spells: 0 memorised, 6 levels left

rFire  + . .     SeeInvis .     a - +2 dagger
rCold  . . .     Clarity  .     n - +1 robe {rF+}
rNeg   . . .     SustAb   .     (no shield)
rPois  .         Gourm    .     s - +2 hat
rElec  .         Spirit   .     d - +0 cloak
rCorr  .         Warding  .     (no gloves)
rMut   .         Stasis   .     (no boots)
MR     .....                    (no amulet)
Stlth  +++++.....               (no ring)
                                (no ring)

@: not resistant to hostile enchantments, quite stealthy
A: carnivore 3
a: no special abilities


You were on level 5 of the Dungeon.
You were very full.

You visited 1 branch of the dungeon, and saw 5 of its levels.

You collected 192 gold pieces.

Inventory:

Hand weapons
 a - a +2 dagger (weapon)
 b - a +0 blowgun
 e - a +0 hunting sling
 B - a +0 dagger of protection
 D - a +3 hunting sling of flaming
Missiles
 c - 18 exploding sling bullets
 f - 2 curare-tipped needles
 m - 96 sling bullets
 v - 39 poisoned needles
 A - a tomahawk (quivered)
Armour
 d - a +0 cloak (worn)
 n - a +1 robe of fire resistance (worn)
 s - a +2 hat (worn)
Magical devices
 z - a wand of fire (7)
Scrolls
 h - a scroll of noise {unknown}
 i - a scroll of remove curse {unknown}
 j - a scroll of recharging {unknown}
 k - 2 scrolls of amnesia {unknown}
 l - a scroll of enchant weapon {unknown}
 p - 2 scrolls of magic mapping {unknown}
 y - 5 scrolls of identify {unknown}
 C - a scroll of random uselessness {unknown}
 E - a scroll of fear {unknown}
Potions
 o - a potion of curing {unknown}
 r - a potion of restore abilities {unknown}
 u - a potion of flight {unknown}
 w - a potion of heal wounds {unknown}
 x - a potion of brilliance {unknown}
Books
 F - a book of Minor Magic

   Spells                             Type                      Level
   Magic Dart                         Conjuration                  1
   Blink                              Translocation                2
   Call Imp                           Summoning                    2
   Repel Missiles                     Charms/Air                   2
   Slow                               Hexes                        2
   Conjure Flame                      Conjuration/Fire             3
   Mephitic Cloud                     Conjuration/Poison/Air       3
Comestibles
 g - a meat ration
 q - 2 beef jerkies
 t - a slice of pizza
 G - a chunk of flesh


   Skills:
 - Level 2.1 Fighting
 + Level 6.2 Short Blades
 + Level 6.7 Throwing
 - Level 1.2 Dodging
 + Level 8.3 Stealth


You had 6 spell levels left.
You didn't know any spells.

Dungeon Overview and Level Annotations

Branches:
Dungeon (5/15)
 Temple: D:4-7

Altars:

Annotations:
D:4 hackum's ghost, average FoFi


Innate Abilities, Weirdness & Mutations

You are small and have problems with some larger weapons.
You are carnivorous and can eat meat at any time.


Message History

The arrow hits you.
There is an open door here.
You see here 2 arrows.
There's something blocking the doorway.
The centaur shoots an arrow.
The arrow hits you!
The centaur shoots an arrow.
The arrow barely misses you.
Things that are here:
an arrow; a rat corpse
Things that are here:
a giant club; a club; a hobgoblin corpse The centaur shoots an arrow.
The arrow hits you!
* * * LOW HITPOINT WARNING * * *
You see here an arrow.
The centaur shoots an arrow.
The arrow hits you but does no damage.
There is an open door here.
You see here an arrow.
The centaur shoots an arrow.
The arrow hits you but does no damage.
You see here an arrow.
The centaur shoots an arrow.
The arrow hits you!
You die...

#.(...#########.................
#(...((c...()(c.................
#.....#########.................
#.....# #.).....^.........
.......# #.######..........
.......# #.# #..........
############# #.# #..........
.........# #(# #..........
########.####@#######'#####+#.
#.................# #.# #...
#.######..###.###.###.#######.
##.##..................
#.##..#....###.######.
#..#..#........#.####.
##.#..#........#......
#.#..###...##.#.#####
######.#......#...........


You could see a centaur.

Vanquished Creatures
  An ogre (D:5)
  Sigmund (D:2)
  A scorpion (D:5)
  2 hounds (D:4)
  An iguana (D:4)
  An orc priest (D:4)
  3 orc wizards (D:4)
  A worker ant zombie (D:5)
  3 gnolls
  7 adders
  3 worms
  3 giant mites
  An adder skeleton (D:5)
  2 giant geckos
  7 orcs
  A ball python (D:3)
  14 bats
  2 giant cockroaches (D:1)
  6 goblins
  8 hobgoblins
  2 jackals (D:4)
  10 kobolds
  A quokka (D:3)
  4 giant newts
  A jackal zombie (D:5)
  A kobold skeleton (D:4)
  8 rats
95 creatures vanquished.

Notes
Turn   | Place    | Note
--------------------------------------------------------------
     0 | D:1      | Kraw, the Kobold Assassin, began the quest for the Orb.
     0 | D:1      | Reached XP level 1. HP: 12/12 MP: 1/1
   139 | D:1      | Reached XP level 2. HP: 14/17 MP: 2/2
   728 | D:1      | Reached XP level 3. HP: 14/21 MP: 3/3
   936 | D:2      | Noticed Sigmund
   965 | D:2      | Killed Sigmund
   965 | D:2      | Reached skill level 6 in Stealth
   965 | D:2      | Reached XP level 4. HP: 17/26 MP: 4/4
  1060 | D:2      | Reached XP level 5. HP: 24/30 MP: 5/5
  2455 | D:3      | Reached XP level 6. HP: 35/35 MP: 6/6
  2608 | D:4      | Reached skill level 5 in Throwing
  2731 | D:4      | Reached skill level 5 in Short Blades
  2731 | D:4      | Reached skill level 7 in Stealth
  3444 | D:4      | Reached XP level 7. HP: 19/40 MP: 7/7
  3789 | D:4      | Noticed hackum's ghost (average FoFi)
  4459 | D:5      | Entered Level 5 of the Dungeon
  4594 | D:5      | Reached skill level 8 in Stealth
  4883 | D:5      | Shot with an arrow by a centaur

Action                   |  1- 3 |  4- 6 |  7- 9 || total
-------------------------+-------+-------+-------++-------
Melee: Dagger            |    55 |   171 |    58 ||   284
 Fire: Blowgun           |     5 |    19 |     6 ||    30
       Hunting sling     |       |    14 |       ||    14
Throw: Tomahawk          |       |    12 |     2 ||    14
 Stab: Sleeping          |     5 |    12 |     7 ||    24
       Distracted        |       |     3 |     1 ||     4
  Eat: Chunk             |     8 |     8 |     4 ||    20
